Map: Dusk Towers

Players

HuK

  • Race: Protoss Protoss
  • League: Grandmaster

llllllllllll (Lilbow) - Winner!

  • Race: Protoss Protoss

Event: NationWars III

VOD

https://youtu.be/wWdquyVxqew

Description

Time

  • Played on: Jan. 2, 2016, 5:47 p.m.
  • Length: 11:49
Show
View Real Time Build Order
Export as new Build Order

HuK Protoss 

Build Orders: Dark Templar Rush 

Get SALT Encoding   

  12  0:01  Probe (Chrono Boost)  
  13  0:11  Probe (Chrono Boost)  
  14  0:21  Pylon  
  14  0:22  Probe (Chrono Boost)  
  15  0:39  Gateway  
  15  0:40  Probe (Chrono Boost)  
  15  0:41  Assimilator  
  16  0:50  Probe (Chrono Boost)  
  16  0:51  Assimilator  
  17  1:01  Probe (Chrono Boost)  
  17  1:02  Gateway  
  18  1:12  Probe (Chrono Boost)  
  19  1:22  Probe (Chrono Boost)  
  20  1:27  Cybernetics Core  
  21  1:33  Probe (Chrono Boost), Pylon  
  21  1:43  Probe (Chrono Boost)  
  22  1:54  Probe (Chrono Boost)  
  23  2:04  Warp Gate (Chrono Boost)  
  23  2:05  Mothership Core, Adept (Chrono Boost)  
  23  2:06  Adept (Chrono Boost)  
  29  2:20  Pylon  
  29  2:26  Probe  
  30  2:38  Probe  
  30  2:47  Twilight Council  
  30  2:51  Nexus  
  30  2:56  Probe  
  31  3:10  Probe  
  31  3:11  Stalker  
  34  3:15  Stalker  
  36  3:27  Probe  
  37  3:38  Dark Shrine  
  37  3:39  Probe  
  38  3:51  Probe  
  39  4:01  Robotics Facility  
  39  4:04  Probe  
  39  4:05  Probe  
  41  4:16  Probe x2  
  40  4:18  Gateway  
  40  4:19  Gateway  
  39  4:27  Pylon  
  39  4:28  Sentry, Probe (Chrono Boost)  
  42  4:33  Stalker  
  42  4:36  Probe (Chrono Boost)  
  45  4:40  Probe (Chrono Boost)  
  45  4:42  Pylon  
  46  4:48  Probe (Chrono Boost)  
  46  4:50  Probe (Chrono Boost), Assimilator  
  48  4:55  Warp Prism (Chrono Boost)  
  50  5:05  Probe (Chrono Boost)  
  51  5:09  Probe (Chrono Boost)  
  52  5:16  Probe  
  52  5:17  Blink (Chrono Boost), Assimilator  
  52  5:19  Probe  
  54  5:28  Nexus  
  54  5:30  Observer (Chrono Boost), Pylon  
  55  5:35  Probe  
  55  5:36  Probe  
  57  5:45  Immortal  
  57  5:53  Probe x2  
  57  5:56  Forge  
  62  6:02  Stalker x2  
  68  6:11  Dark Templar  
  68  6:12  Dark Templar  
  68  6:17  Pylon  
  70  6:25  Dark Templar x2  
  72  6:28  Probe x2  
  72  6:29  Protoss Ground Weapons Level 1 (Chrono Boost)  
  72  6:30  Immortal  
  76  6:39  Assimilator  
  80  6:40  Probe  
  80  6:45  Probe, Dark Templar  
  80  6:46  Probe  
  85  6:49  Assimilator  
  85  6:52  Probe  
  86  6:55  Probe  
  86  6:58  Probe  
  88  7:13  Stalker x3  
  88  7:30  Immortal  
  88  7:33  Stalker  
  90  7:41  Stalker x2  
  92  7:50  Stalker  
  74  8:00  Probe x2  
  74  8:01  Probe  
  74  8:04  Immortal  
  74  8:05  Stalker x3  
  83  8:12  Probe x2  
  89  8:13  Protoss Ground Weapons Level 2 (Chrono Boost)  
  89  8:14  Probe  
  89  8:16  Robotics Bay  
  89  8:19  Stalker  
  92  8:23  Pylon  
  92  8:24  Probe  
  91  8:32  Probe  
  88  8:36  Pylon  
  86  8:41  Stalker x2  
  86  8:42  Stalker  
  76  8:52  Stalker  
  64  9:03  Mothership Core (Chrono Boost)  
  64  9:05  Stalker  
  64  9:06  Stalker x2  
  64  9:08  Disruptor (Chrono Boost)  
  64  9:09  Probe (Chrono Boost)  
  76  9:19  Stalker  
  76  9:21  Probe  
  79  9:24  Probe, Pylon  
  79  9:26  Probe  
  81  9:31  Stalker x3  
  81  9:33  Probe  
  86  9:40  Disruptor  
  89  9:46  Stalker  
  91  9:55  Stalker x3  
  81  10:10  Stalker  
  81  10:12  Disruptor  
  73  10:19  Stalker x3  
  68  10:23  Mothership Core  
  67  10:34  Stalker  
  58  10:43  Stalker x3  
  58  10:46  Disruptor  
  58  10:48  Stalker x3  
  61  11:04  Stalker  
  49  11:11  Stalker x3  
  51  11:21  Pylon  
  43  11:38  Stalker  
  43  11:39  Stalker x2  
  44  11:40  Sentry  
Show
View Real Time Build Order
Export as new Build Order

llllllllllll Protoss - Winner!

Build Orders: 1 Gate Expand 

Get SALT Encoding   

  12  0:01  Probe (Chrono Boost)  
  13  0:11  Probe (Chrono Boost)  
  14  0:17  Pylon  
  14  0:22  Probe (Chrono Boost)  
  15  0:36  Gateway, Probe (Chrono Boost)  
  15  0:41  Assimilator  
  16  0:46  Probe (Chrono Boost)  
  18  0:57  Probe (Chrono Boost)  
  18  1:07  Probe (Chrono Boost)  
  19  1:18  Nexus  
  19  1:28  Cybernetics Core  
  19  1:30  Probe (Chrono Boost)  
  20  1:35  Assimilator  
  20  1:41  Probe (Chrono Boost)  
  20  1:46  Pylon  
  21  1:51  Probe (Chrono Boost)  
  22  2:02  Probe (Chrono Boost)  
  22  2:04  Adept (Chrono Boost)  
  22  2:05  Warp Gate  
  25  2:13  Probe  
  26  2:19  Gateway  
  26  2:26  Mothership Core  
  26  2:29  Stalker (Chrono Boost)  
  30  2:30  Probe  
  31  2:41  Probe  
  32  2:44  Pylon  
  32  2:47  Probe  
  33  2:55  Stalker (Chrono Boost)  
  35  3:03  Probe  
  35  3:04  Probe  
  37  3:12  Stalker (Chrono Boost)  
  39  3:13  Probe  
  39  3:16  Probe  
  41  3:21  Stalker (Chrono Boost)  
  41  3:24  Probe  
  44  3:28  Probe  
  45  3:35  Probe (Chrono Boost), Robotics Facility  
  45  3:41  Probe (Chrono Boost)  
  47  3:47  Probe (Chrono Boost)  
  48  3:51  Probe (Chrono Boost)  
  48  3:57  Probe (Chrono Boost), Assimilator  
  48  3:59  Twilight Council, Assimilator  
  48  4:02  Probe (Chrono Boost)  
  50  4:08  Probe (Chrono Boost)  
  51  4:13  Probe (Chrono Boost)  
  51  4:16  Stalker  
  54  4:19  Pylon  
  54  4:21  Probe (Chrono Boost), Pylon  
  54  4:33  Pylon  
  54  4:35  Observer  
  54  4:37  Probe x2 (Chrono Boost)  
  57  4:41  Blink (Chrono Boost)  
  57  4:43  Stalker x2  
  61  4:49  Probe x2  
  63  4:59  Immortal  
  67  5:07  Stalker x2  
  67  5:11  Gateway  
  69  5:17  Gateway  
  69  5:18  Pylon  
  69  5:21  Probe  
  70  5:25  Probe  
  71  5:29  Pylon  
  71  5:31  Sentry x2  
  71  5:33  Probe  
  76  5:46  Observer  
  77  5:54  Pylon  
  77  5:55  Nexus  
  77  6:01  Sentry, Stalker  
  77  6:02  Immortal  
  81  6:06  Pylon  
  85  6:13  Stalker  
  85  6:17  Gateway  
  87  6:19  Gateway  
  87  6:24  Pylon  
  87  6:27  Probe  
  87  6:28  Stalker x2  
  87  6:31  Sentry  
  94  6:35  Gateway  
  94  6:39  Stalker  
  96  6:40  Warp Prism  
  98  6:54  Sentry x2  
  98  6:55  Stalker  
  104  7:03  Stalker  
  106  7:20  Stalker  
  106  7:21  Stalker x4  
  109  7:30  Probe x2  
  108  7:46  Observer  
  108  7:50  Stalker x4  
  108  7:51  Stalker  
  93  8:02  Probe x2  
  93  8:04  Observer  
  95  8:07  Probe  
  97  8:14  Probe x2  
  97  8:15  Stalker x3  
  95  8:42  Stalker x4  
  95  8:43  Stalker  
  95  8:47  Stalker, Zealot  
  81  9:09  Stalker x2  
  85  9:10  Stalker x2  
  89  9:19  Adept x3  
  95  9:41  Stalker x4  
  95  9:50  Stalker  
  95  9:51  Stalker  
  97  10:05  Stalker x3  
  77  10:24  Stalker x4  
  83  10:47  Stalker  
  83  10:48  Stalker x4  
  67  11:12  Stalker x5  
  67  11:25  Stalker  
  67  11:26  Stalker  
  67  11:32  Probe x3  
Tags
 
Add a new tag
Caveats
  • Supply blocks, unpowered buildings, or Contaminate may cause inaccurate times.
  • Supply counts are checked every 10 seconds.